 Dungeon Crawl Stone Soup version 0.23-a0-164-g7711e57 (webtiles) character file.

52 Amnesiac the Magician (level 3, 0/26 HPs)
             Began as a Mummy Ice Elementalist on Sept 9, 2018.
             Slain by a hobgoblin
             ... wielding a +0 club
              (3 damage)
             ... on level 3 of the Dungeon.
             The game lasted 00:02:13 (1190 turns).

Amnesiac the Magician (Mummy Ice Elementalist)      Turns: 1190, Time: 00:02:14

Health: 0/26       AC:  2    Str: 11    XL:     3   Next: 60%
Magic:  3/7        EV: 12    Int: 15    God:
Gold:   30         SH:  0    Dex: 12    Spells: 4/8 levels left

rFire    x . .     SeeInvis .   a - +0 mace
rCold    + . .     Gourm    .   (no shield)
rNeg     + + +     Faith    .   f - +0 robe
rPois    ∞         Spirit   .   (no helmet)
rElec    .         Reflect  .   (no cloak)
rCorr    .         Harm     .   (no gloves)
MR       .....                  (no boots)
Stlth    ++........             (no amulet)
HPRegen  0.08/turn              (no ring)
MPRegen  0.10/turn              (no ring)

@: no status effects
A: no food or potions, fire vulnerability, cold resistance 1, negative energy
resistance 3, torment resistance, unbreathing
a: no special abilities


You were on level 3 of the Dungeon.
You were not hungry.

You visited 1 branch of the dungeon, and saw 3 of its levels.

You collected 30 gold pieces.

Inventory:

Hand Weapons
 a - a +0 mace (weapon)
 b - a +0 hunting sling
Armour
 f - a +0 robe (worn)
Wands
 j - a wand of flame (29)
Scrolls
 c - 2 scrolls of immolation {!r, unknown}
 d - a scroll of blinking {!r, unknown}
 e - a scroll of fog {!r, unknown}
 g - a scroll of identify {!r, unknown}
 h - a scroll of fear {!r, unknown}
 i - 3 scrolls of remove curse {!r, unknown}


   Skills:
 - Level 1.0 Fighting
 - Level 1.5 Dodging
 - Level 1.5 Stealth
 + Level 3.3 Spellcasting
   Level 0.7 Conjurations
 * Level 3.3 Ice Magic


You had 4 spell levels left.
You knew the following spells:

 Your Spells              Type           Power        Failure   Level  Hunger
a - Freeze                Ice            ##..         4%          1    N/A
z - Ozocubu's Armour      Chrm/Ice       #.......     28%         3    N/A

Your spell library contained the following spells:

 Spells                   Type           Power        Failure   Level  Hunger
 Throw Frost              Conj/Ice       #.....       13%         2    N/A
 Throw Icicle             Conj/Ice       #.......     63%         4    N/A
 Summon Ice Beast         Ice/Summ       #.......     67%         4    N/A

Dungeon Overview and Level Annotations

Branches:
Dungeon (3/15)

Altars:


Innate Abilities, Weirdness & Mutations

You do not eat or drink.
Your flesh is vulnerable to fire.
You are immune to poison.
Your flesh is cold resistant. (rC+)
You are immune to negative energy. (rN+++)
You are immune to unholy pain and torment.
You can survive without breathing.


Message History

Casting: Freeze (safe; 4% risk of failure)
Confirm with . or Enter, or press ? or * to list all spells.
You can't see any susceptible monsters within range! (Use Z to cast anyway.)
j - a wand of flame (29)
You see here a hobgoblin corpse.
A hobgoblin and a centaur come into view.
A worm comes into view.
The centaur shouts!
You hear a shout!
You hear an angry hiss.
The centaur wields a shortbow.
The centaur shoots an arrow.
The arrow barely misses you.
Found a glowing spear.
The centaur shoots an arrow.
The arrow barely misses you.
An orc comes into view. It is wielding a mace.
The hobgoblin shouts!
You hear a shout! x2; You hear an angry hiss.
You hear a shout!
An ooze comes into view.
The centaur unwields an uncursed shortbow.
The centaur hits you!
An orc comes into view. It is wielding a short sword.
You hear a shout!
Casting: Freeze (safe; 4% risk of failure)
Confirm with . or Enter, or press ? or * to list all spells.
Aiming: Freeze (safe; 4% risk of failure)
Press: ? - help, Shift-Dir - straight line, f - centaur
Aim: a centaur You freeze the centaur.
The centaur is lightly wounded.
The orc shouts!
The ooze quivers.
The centaur barely misses you. The hobgoblin misses you.
The centaur closely misses you.
Casting: Freeze (safe; 4% risk of failure)
Confirm with . or Enter, or press ? or * to list all spells.
Aiming: Freeze (safe; 4% risk of failure)
Press: ? - help, Shift-Dir - straight line, f/p - centaur
Aim: a centaur (lightly wounded)
You freeze the centaur.
The centaur is moderately wounded.
The hobgoblin hits you with a club!
* * * LOW HITPOINT WARNING * * *
An orc comes into view. It is wielding a whip.
The centaur closely misses you.
Unknown command.
Casting: Freeze (safe; 4% risk of failure)
Confirm with . or Enter, or press ? or * to list all spells.
Aiming: Freeze (safe; 4% risk of failure)
Press: ? - help, Shift-Dir - straight line, f/p - centaur
Aim: a centaur (moderately wounded)
You freeze the centaur.
The centaur is heavily wounded.
The centaur closely misses you. The hobgoblin barely misses you.
An orc comes into view. It is wielding a whip.
The centaur hits you!
* * * LOW HITPOINT WARNING * * *
Unknown command.
Casting: Freeze (safe; 4% risk of failure)
Confirm with . or Enter, or press ? or * to list all spells.
Aiming: Freeze (safe; 4% risk of failure)
Press: ? - help, Shift-Dir - straight line, f/p - centaur
Aim: a centaur (heavily wounded)
You freeze the centaur.
The centaur is severely wounded.
The hobgoblin hits you with a club.
You die...

#..o....#
##.......#
....o...#
.......####
.oJ.......
.o.......
#cg......
##@w.)....
#.........
#..#######
####..#
#..(..#
#..###(# #.
#.# # #†#
#.#


You could see a centaur, a worm, an ooze, 4 orcs and a hobgoblin.

Vanquished Creatures
  An adder (D:3)
  3 dart slugs (D:1)
  A leopard gecko (D:1)
  An orc (D:3)
  3 giant cockroaches (D:1)
  2 goblins (D:1)
  7 hobgoblins
  3 jackals (D:1)
  2 kobolds (D:1)
  2 bats (D:1)
  2 frilled lizards
  6 rats (D:1)
33 creatures vanquished.

Notes
Turn   | Place    | Note
-------+----------+-------------------------------------------
     0 | D:1      | Amnesiac the Mummy Ice Elementalist began the quest for the
                  | Orb.
     0 | D:1      | Reached XP level 1. HP: 13/13 MP: 4/4
   225 | D:1      | Reached XP level 2. HP: 19/19 MP: 3/5
   683 | D:1      | Reached XP level 3. HP: 22/25 MP: 0/7
   700 | D:1      | Learned a level 3 spell: Ozocubu's Armour
   758 | D:1      | Reached skill level 1 in Fighting
  1182 | D:3      | Noticed a centaur
  1190 | D:3      | Slain by a hobgoblin

Vault maps used:
D:1:      grunt_arrival_crossed_arrows
D:2:      first_ration, nicolae_ashenzari_panopticon
D:3:      nicolae_overflow_hidden_temple, nicolae_qazlal_style_of_elements

Skill      XL: |  1  2  3 |
---------------+----------+-----
Ice Magic      | 3 |  3.3
Spellcasting   | 3 |  3.3
Fighting       | 1 |  1.0
Dodging        | |  1.5
Stealth        | |  1.5
Conjurations   | |  0.7

Action                   || total
-------------------------++-------
Melee: Unarmed           ||     1
       Mace              ||     2
 Cast: Freeze            ||    65
Armor: Robe              ||     6
Dodge: Dodged            ||    43

Table legend:
 A = Non-vault XP
 B = Vault XP
 C = Vault XP percentage of total XP
 D = Non-vault monster count
 E = Vault monster count
 F = Vault count percentage of total count
                 A         B        C        D         E       F
            +---------+---------+-------+---------+---------+-------
      Total |      75 |       0 |   0.0 |      33 |       0 |   0.0
            +---------+---------+-------+---------+---------+-------
        D:1 |      54 |       0 |   0.0 |      28 |       0 |   0.0
        D:2 |       1 |       0 |   0.0 |       1 |       0 |   0.0
        D:3 |      20 |       0 |   0.0 |       4 |       0 |   0.0
            +---------+---------+-------+---------+---------+-------
